[ AOE2 MATCH · #505227264 ]
UnrankedArmenians vs Khitans
Player's team · LOSS
Rival team · WIN
[ REPLAY ANALYSIS · EXTRACTED FROM THE RECORDED GAME ]
Feudal
10:34
Castle
21:50
Imperial
—
| APM avg | 51.6 |
| APM peak | 88 |
| eAPM avg | 27.3 |
| Villagers / military | 86 / 69 |
Focus
⚔️ 48.3% · 🌾 51.7%
Archer ×47 · Monk ×6 · Militia ×4 · Mangonel ×4 · Spearman ×4 · Knight ×2
Feudal
8:51
Castle
22:13
Imperial
—
| APM avg | 77.9 |
| APM peak | 124 |
| eAPM avg | 38.7 |
| Villagers / military | 101 / 104 |
Focus
⚔️ 50.4% · 🌾 49.6%
Scout Cavalry ×64 · Skirmisher ×35 · Camel Scout ×4 · Spearman ×1
Match map
Initial resources + every placement click. Lines = walls · curves = elevation contours. ◆ gold · ⬟ stone · ● berries · ✦ relic · ◌ wall gap
Your base· Open — opponent sealed themselves in
不想再玩AOE了's base· ✓ Closed at 22:13 · 4t walls · no gate
Smoothed initial terrain · ◌ = detected wall gap · hover for details
Inputs per minute
— G-Dragon - - 不想再玩AOE了
Build order — G-Dragon
First 150 of 252 actions detected
| 0:01 | Create | Villager (Male) |
| 0:02 | Build | House |
| 0:04 | Build | House |
| 0:13 | Create | Villager (Male) |
| 0:13 | Create | Villager (Male) |
| 0:21 | Create | Villager (Male) |
| 0:21 | Create | Villager (Male) |
| 1:35 | Create | Villager (Male) |
| 1:50 | Build | Mule Cart |
| 2:02 | Create | Villager (Male) |
| 2:26 | Create | Villager (Male) |
| 2:38 | Build | House |
| 2:55 | Create | Villager (Male) |
| 3:20 | Create | Villager (Male) |
| 3:44 | Create | Villager (Male) |
| 4:01 | Create | Villager (Male) |
| 4:17 | Build | Barracks |
| 4:32 | Create | Villager (Male) |
| 4:38 | Build | House |
| 4:52 | Create | Villager (Male) |
| 5:14 | Build | Mule Cart |
| 5:21 | Create | Militia |
| 5:21 | Create | Villager (Male) |
| 5:26 | Build | House |
| 5:38 | Create | Militia |
| 5:40 | Create | Villager (Male) |
| 5:56 | Build | House |
| 6:01 | Build | Palisade Wall |
| 6:02 | Build | Palisade Wall |
| 6:09 | Create | Villager (Male) |
| 6:33 | Create | Villager (Male) |
| 6:55 | Create | Villager (Male) |
| 7:10 | Build | Mule Cart |
| 7:18 | Research | Loom |
| 7:18 | Research | Loom |
| 7:53 | Create | Villager (Male) |
| 8:11 | Build | Mill |
| 8:24 | Research | Feudal Age |
| 8:24 | Research | Feudal Age |
| 8:54 | Create | Militia |
| 9:03 | Create | Militia |
| 9:08 | Build | House |
| 9:09 | Build | House |
| 9:18 | Build | Farm |
| 9:54 | Create | Villager (Male) |
| 10:34 | Age | Feudal Age |
| 10:35 | Research | Man-at-Arms (upgrade) |
| 10:36 | Create | Spearman |
| 10:37 | Research | Double-Bit Axe |
| 10:38 | Research | Double-Bit Axe |
| 10:42 | Build | Farm |
| 10:44 | Build | Farm |
| 10:54 | Create | Villager (Male) |
| 11:12 | Create | Spearman |
| 11:17 | Create | Villager (Male) |
| 11:19 | Build | Farm |
| 11:41 | Create | Villager (Male) |
| 12:05 | Create | Villager (Male) |
| 12:07 | Build | Farm |
| 12:18 | Build | Archery Range |
| 12:28 | Build | Palisade Wall |
| 12:33 | Build | Palisade Wall |
| 12:36 | Create | Villager (Male) |
| 12:52 | Build | House |
| 12:55 | Build | House |
| 13:00 | Build | Blacksmith |
| 13:01 | Create | Villager (Male) |
| 13:07 | Create | Spearman |
| 13:12 | Create | Archer |
| 13:30 | Create | Villager (Male) |
| 13:35 | Build | Farm |
| 13:41 | Research | Horse Collar |
| 13:41 | Research | Horse Collar |
| 13:49 | Create | Villager (Male) |
| 13:57 | Create | Archer |
| 13:57 | Create | Archer |
| 14:10 | Research | Fletching |
| 14:11 | Create | Villager (Male) |
| 14:13 | Build | Farm |
| 14:17 | Build | Farm |
| 14:33 | Create | Archer |
| 14:36 | Create | Villager (Male) |
| 14:44 | Create | Archer |
| 14:47 | Create | Villager (Male) |
| 14:52 | Build | Farm |
| 14:54 | Build | Farm |
| 15:03 | Build | Farm |
| 15:19 | Create | Villager (Male) |
| 15:40 | Create | Villager (Male) |
| 15:50 | Build | Farm |
| 15:53 | Create | Archer |
| 16:15 | Build | Farm |
| 16:16 | Build | Farm |
| 16:30 | Create | Spearman |
| 16:35 | Create | Villager (Male) |
| 16:39 | Build | Farm |
| 16:40 | Build | Farm |
| 17:03 | Research | Wheelbarrow |
| 17:23 | Build | Farm |
| 17:25 | Build | Farm |
| 17:29 | Create | Archer |
| 17:29 | Create | Archer |
| 17:51 | Build | Stable |
| 17:59 | Create | Villager (Male) |
| 18:05 | Create | Archer |
| 18:21 | Build | Watch Tower |
| 18:33 | Create | Scout Cavalry |
| 18:34 | Create | Archer |
| 18:38 | Create | Villager (Male) |
| 19:10 | Research | Castle Age |
| 19:10 | Research | Castle Age |
| 19:33 | Create | Archer |
| 19:37 | Research | Gold Mining |
| 20:02 | Create | Archer |
| 20:16 | Create | Scout Cavalry |
| 20:21 | Research | Scale Barding Armor |
| 20:21 | Create | Archer |
| 20:31 | Create | Villager (Male) |
| 20:44 | Build | House |
| 20:46 | Build | House |
| 20:54 | Build | Farm |
| 21:21 | Build | Farm |
| 21:21 | Build | Farm |
| 21:50 | Age | Castle Age |
| 21:53 | Research | Crossbowman (upgrade) |
| 21:53 | Research | Bodkin Arrow |
| 21:54 | Research | Bow Saw |
| 21:54 | Research | Bow Saw |
| 22:20 | Build | Farm |
| 22:26 | Create | Villager (Male) |
| 22:41 | Build | Market |
| 22:44 | Create | Archer |
| 22:46 | Create | Knight |
| 22:58 | Create | Villager (Male) |
| 23:04 | Build | Monastery |
| 23:18 | Create | Archer |
| 23:20 | Research | Padded Archer Armor |
| 23:25 | Create | Villager (Male) |
| 23:31 | Create | Monk |
| 23:38 | Build | Farm |
| 23:43 | Research | Town Watch |
| 23:48 | Create | Knight |
| 23:49 | Create | Archer |
| 23:54 | Build | Siege Workshop |
| 24:15 | Create | Villager (Male) |
| 24:16 | Create | Mangonel |
| 24:30 | Create | Monk |
| 24:31 | Create | Mangonel |
| 24:33 | Create | Villager (Male) |
| 24:43 | Create | Villager (Male) |
Build order — 不想再玩AOE了
First 150 of 312 actions detected
| 0:00 | Create | Villager (Male) |
| 0:01 | Create | Villager (Male) |
| 0:01 | Build | House |
| 0:02 | Build | House |
| 0:04 | Create | Villager (Male) |
| 0:04 | Create | Villager (Male) |
| 1:24 | Create | Villager (Male) |
| 1:24 | Create | Villager (Male) |
| 1:53 | Create | Villager (Male) |
| 2:08 | Build | Lumber Camp |
| 2:12 | Create | Villager (Male) |
| 2:49 | Create | Villager (Male) |
| 3:11 | Create | Villager (Male) |
| 3:23 | Create | Villager (Male) |
| 3:49 | Build | House |
| 3:55 | Create | Villager (Male) |
| 4:12 | Create | Villager (Male) |
| 4:43 | Create | Villager (Male) |
| 4:45 | Build | Mill |
| 5:16 | Create | Villager (Male) |
| 5:16 | Create | Villager (Male) |
| 5:55 | Research | Loom |
| 6:38 | Research | Feudal Age |
| 7:00 | Build | Palisade Wall |
| 7:03 | Build | Palisade Wall |
| 7:04 | Build | Palisade Wall |
| 7:26 | Create | Villager (Male) |
| 7:58 | Build | Barracks |
| 8:26 | Create | Villager (Male) |
| 8:36 | Build | House |
| 8:51 | Age | Feudal Age |
| 8:54 | Create | Villager (Male) |
| 9:16 | Build | Stable |
| 9:25 | Create | Villager (Male) |
| 9:36 | Research | Double-Bit Axe |
| 9:50 | Build | House |
| 9:51 | Create | Villager (Male) |
| 10:01 | Create | Scout Cavalry |
| 10:01 | Create | Scout Cavalry |
| 10:10 | Build | Pasture |
| 10:30 | Build | House |
| 10:32 | Build | Pasture |
| 10:43 | Create | Villager (Male) |
| 11:00 | Build | Palisade Wall |
| 11:11 | Build | Pasture |
| 11:14 | Create | Villager (Male) |
| 11:25 | Build | Pasture |
| 11:26 | Create | Villager (Male) |
| 11:43 | Create | Scout Cavalry |
| 11:43 | Create | Scout Cavalry |
| 11:46 | Build | Pasture |
| 12:01 | Create | Villager (Male) |
| 12:15 | Create | Villager (Male) |
| 12:19 | Build | Pasture |
| 12:38 | Build | House |
| 12:39 | Create | Scout Cavalry |
| 12:42 | Create | Villager (Male) |
| 13:08 | Build | Blacksmith |
| 13:10 | Create | Scout Cavalry |
| 13:12 | Create | Villager (Male) |
| 13:32 | Build | House |
| 13:35 | Create | Scout Cavalry |
| 13:40 | Build | Pasture |
| 13:52 | Create | Villager (Male) |
| 13:57 | Create | Scout Cavalry |
| 14:11 | Create | Villager (Male) |
| 14:14 | Build | Pasture |
| 14:17 | Build | House |
| 14:20 | Create | Scout Cavalry |
| 14:31 | Create | Villager (Male) |
| 14:37 | Build | Mining Camp |
| 14:55 | Research | Forging |
| 15:02 | Create | Villager (Male) |
| 15:14 | Build | Archery Range |
| 15:15 | Create | Scout Cavalry |
| 15:23 | Create | Villager (Male) |
| 15:33 | Create | Scout Cavalry |
| 15:45 | Create | Villager (Male) |
| 15:48 | Build | House |
| 15:56 | Create | Skirmisher |
| 16:07 | Build | Pasture |
| 16:12 | Create | Scout Cavalry |
| 16:13 | Create | Skirmisher |
| 16:15 | Create | Villager (Male) |
| 16:17 | Build | House |
| 16:36 | Create | Skirmisher |
| 16:39 | Research | Fletching |
| 16:39 | Research | Fletching |
| 16:44 | Create | Villager (Male) |
| 16:55 | Build | House |
| 16:57 | Build | Pasture |
| 16:58 | Create | Villager (Male) |
| 17:17 | Create | Villager (Male) |
| 17:22 | Create | Skirmisher |
| 17:24 | Build | House |
| 17:33 | Create | Skirmisher |
| 17:41 | Create | Villager (Male) |
| 17:46 | Build | Pasture |
| 17:52 | Create | Skirmisher |
| 17:59 | Create | Villager (Male) |
| 18:07 | Build | House |
| 18:35 | Create | Skirmisher |
| 18:43 | Create | Villager (Male) |
| 19:02 | Create | Skirmisher |
| 19:11 | Create | Skirmisher |
| 19:13 | Create | Spearman |
| 19:33 | Research | Castle Age |
| 19:36 | Build | Lumber Camp |
| 19:38 | Create | Skirmisher |
| 19:43 | Create | Scout Cavalry |
| 19:59 | Research | Padded Archer Armor |
| 20:00 | Research | Padded Archer Armor |
| 20:06 | Build | Pasture |
| 20:12 | Create | Scout Cavalry |
| 20:14 | Create | Skirmisher |
| 20:29 | Build | House |
| 20:39 | Research | Scale Barding Armor |
| 20:39 | Research | Scale Barding Armor |
| 20:53 | Create | Scout Cavalry |
| 20:55 | Create | Skirmisher |
| 21:10 | Research | Tech 1014 |
| 21:10 | Research | Tech 1014 |
| 21:16 | Create | Scout Cavalry |
| 21:18 | Create | Skirmisher |
| 21:42 | Build | Stable |
| 21:47 | Create | Scout Cavalry |
| 21:55 | Create | Skirmisher |
| 22:06 | Create | Scout Cavalry |
| 22:13 | Age | Castle Age |
| 22:16 | Research | Light Cavalry (upgrade) |
| 22:20 | Create | Villager (Male) |
| 22:32 | Create | Skirmisher |
| 22:35 | Create | Villager (Male) |
| 22:39 | Research | Bodkin Arrow |
| 22:39 | Research | Bodkin Arrow |
| 22:40 | Create | Skirmisher |
| 22:46 | Create | Villager (Male) |
| 22:53 | Create | Skirmisher |
| 23:13 | Create | Villager (Male) |
| 23:17 | Create | Scout Cavalry |
| 23:20 | Research | Elite Skirmisher (upgrade) |
| 23:25 | Build | Pasture |
| 23:28 | Create | Scout Cavalry |
| 23:40 | Create | Scout Cavalry |
| 23:59 | Create | Scout Cavalry |
| 24:01 | Create | Villager (Male) |
| 24:24 | Create | Camel Scout |
| 24:26 | Create | Villager (Male) |
| 24:28 | Build | House |
| 24:30 | Build | Lumber Camp |
Match timeline
| 4:17 | G-Dragon · first_building Barracks |
| 6:01 | G-Dragon · wall_segment Palisade Wall x1 |
| 6:02 | G-Dragon · wall_segment Palisade Wall x1 |
| 7:00 | 不想再玩AOE了 · wall_segment Palisade Wall x1 |
| 7:03 | 不想再玩AOE了 · wall_segment Palisade Wall x1 |
| 7:04 | 不想再玩AOE了 · wall_segment Palisade Wall x1 |
| 7:58 | 不想再玩AOE了 · first_building Barracks |
| 8:51 | 不想再玩AOE了 · age_up feudal |
| 9:16 | 不想再玩AOE了 · first_building Stable |
| 10:34 | G-Dragon · age_up feudal |
| 11:00 | 不想再玩AOE了 · wall_segment Palisade Wall x1 |
| 12:18 | G-Dragon · first_building Archery Range |
| 12:28 | G-Dragon · wall_segment Palisade Wall x4 |
| 12:33 | G-Dragon · wall_segment Palisade Wall x6 |
| 15:14 | 不想再玩AOE了 · first_building Archery Range |
| 17:51 | G-Dragon · first_building Stable |
| 21:50 | G-Dragon · age_up castle |
| 22:13 | 不想再玩AOE了 · age_up castle |
| 23:04 | G-Dragon · first_building Monastery |
| 23:41 | G-Dragon · first_market_buy 100 stone |
| 23:54 | G-Dragon · first_building Siege Workshop |
| 31:21 | 不想再玩AOE了 · first_market_buy 100 food |
| 34:17 | 不想再玩AOE了 · first_market_sell 100 food |
| 34:55 | G-Dragon · first_building Castle |
| 35:20 | 不想再玩AOE了 · first_building Castle |
| 35:21 | G-Dragon · resign |
[ AI ANALYSIS · 1 CREDIT ]
What really happened in this match?
Wolo.gg analyzes every decision: build order, eco, micro, common mistakes by bracket. Personalized analysis on WhatsApp or Discord in 30 seconds.
Civ guide
Armenians
Perfil
Jugador #438920